 Dungeon Crawl Stone Soup version 0.16-a0-2898-gc475c69 (webtiles) character file.

1567 Johnny the Firebug (level 8, 0/66 HPs)
             Began as a Demigod Fire Elementalist on Dec 1, 2014.
             Splashed by a jelly's acid (10 damage)
             ... on level 6 of the Dungeon.
             The game lasted 00:11:56 (7162 turns).

Johnny the Firebug (Demigod Fire Elementalist)      Turns: 7162, Time: 00:11:56

Health: 0/66       AC: -1    Str: 11    XL:     8   Next: 33%
Magic:  21/21      EV: 16    Int: 19    God:
Gold:   253        SH:  0    Dex: 20    Spells: 3 memorised, 5 levels left

rFire  . . .     SeeInvis +     H - +2 battleaxe (curse)
rCold  . . .     Clarity  .     a - +0 robe
rNeg   + . .     SustAb   +     (no shield)
rPois  .         Gourm    .     (no helmet)
rElec  .         Spirit   .     (no cloak)
rCorr  .         Warding  .     I - +1 pair of gloves
rMut   .         Stasis   .     (no boots)
MR     .....                    (no amulet)
Stlth  ++........               e - ring of positive energy
                                w - ring of see invisible

@: corroded equipment, drained, not resistant to hostile enchantments,
unstealthy
A: sustain abilities
a: no special abilities


You were on level 6 of the Dungeon.
You were near starving.

You visited 1 branch of the dungeon, and saw 6 of its levels.

You collected 253 gold pieces.

Inventory:

Hand weapons
 l - a +0 dagger of venom
 m - a +0 great sword of slicing
 H - a cursed +2 battleaxe (weapon)
Armour
 a - a +0 robe (worn)
 I - a +1 pair of gloves (worn)
Jewellery
 e - a ring of positive energy (right hand)
 w - a ring of see invisible (left hand)
 y - a +2 ring of dexterity
Magical devices
 G - a wand of slowing (19)
Scrolls
 d - a scroll of blinking
 f - a scroll of fog {unknown}
 i - 2 scrolls of remove curse
 j - a scroll of amnesia {unknown}
 o - 2 scrolls of fear {unknown}
 p - a scroll of identify {unknown}
 u - a scroll of magic mapping {unknown}
 x - 2 scrolls of enchant armour {unknown}
 A - a scroll of enchant weapon {unknown}
 D - 2 scrolls of recharging {unknown}
 F - 2 scrolls of teleportation {unknown}
Potions
 h - a potion of berserk rage {unknown}
 k - 2 potions of heal wounds {unknown}
 q - a potion of lignification {unknown}
 r - 2 potions of poison {unknown}
 s - a potion of flight {unknown}
 z - a potion of restore abilities {unknown}
 B - a potion of agility {unknown}
 C - a potion of haste {unknown}
Books
 b - a book of Flames

   Spells                             Type                      Level
   a - Flame Tongue                   Conjuration/Fire             1
   b - Throw Flame                    Conjuration/Fire             2
   c - Conjure Flame                  Conjuration/Fire             3
   d - Inner Flame                    Hexes/Fire                   3
   e - Sticky Flame                   Conjuration/Fire             4
   f - Fireball                       Conjuration/Fire             5
 v - a book of Debilitation

   Spells                             Type                      Level
   a - Corona                         Hexes                        1
   b - Slow                           Hexes                        2
   c - Inner Flame                    Hexes/Fire                   3
   d - Enslavement                    Hexes                        4
   e - Cause Fear                     Hexes                        4
   f - Leda's Liquefaction            Hexes/Earth                  4
 E - a book of Power

   Spells                             Type                      Level
   a - Fulminant Prism                Conjuration/Hexes            4
   b - Iskenderun's Mystic Blast      Conjuration                  4
   c - Venom Bolt                     Conjuration/Poison           5
   d - Bolt of Magma                  Conjuration/Fire/Earth       5
   e - Iron Shot                      Conjuration/Earth            6
   f - Orb of Destruction             Conjuration                  7
Comestibles
 c - 3 bread rations
 g - 3 meat rations
 n - 3 fruits
 t - 3 beef jerkies


   Skills:
 * Level 4.2(4.0) Fighting
 * Level 4.8(4.7) Dodging
 - Level 1.7(1.6) Stealth
 * Level 4.4(4.2) Spellcasting
 * Level 4.1(4.0) Conjurations
 * Level 5.1(4.9) Fire Magic


You had 5 spell levels left.
You knew the following spells:

 Your Spells              Type           Power        Failure   Level  Hunger
a - Flame Tongue          Conj/Fire      ###..        1%          1    None
b - Sticky Flame          Conj/Fire      ###.....     21%         4    ####...
c - Fireball              Conj/Fire      ###.......   63%         5    ######.


Dungeon Overview and Level Annotations

Branches:
Dungeon (6/15)             Temple (0/1) D:4

Annotations:
D:5 Sigmund


Innate Abilities, Weirdness & Mutations

Your attributes are resistant to harm.


Message History

The jelly jiggles.
The jelly hits you but does no damage. The jelly misses you.
You barely miss the jelly. The jelly misses you.
You barely miss the jelly. The jelly barely misses you.
The jelly barely misses you.
You slash the jelly! The acid corrodes your equipment!
The jelly is moderately wounded.
The jelly hits you.
You are splashed with acid!
The acid burns!
The jelly hits you.
You are splashed with acid!
The acid burns!
You slash the jelly!
The jelly is heavily wounded.
The jelly hits you.
You are splashed with acid!
The acid burns!
You hit the jelly.
The jelly is heavily wounded.
The jelly hits you.
You are splashed with acid!
The acid burns!
* * * LOW HITPOINT WARNING * * *
The jelly hits you.
* * * LOW HITPOINT WARNING * * *
You are splashed with acid!
The acid burns!
You die...

# ####.#.### #.###
#########.#.#.............
............#.###....r...
#########.###.# #..######
# #.# #.# #..# #
###.###.###..##### #
#....[............o ##
#.#.###.##.#.##### .####
#.#.# #.##@#. ...(###.#.#
#....J....o.. .##...)...#
####.#.##### .######.###
#.#.# ...# ##.########.# #
.#.###[..........#
(#................
.######..######### .#
#..###


You could see a jelly and an orc.

Vanquished Creatures
  The ghost of Kemay the Ducker, an average OpTm (D:3)
  A centaur (D:6)
  2 phantoms
  4 ogres
  A scorpion (D:4)
  8 wights (D:6)
  A goliath beetle (D:6)
  An orc priest (D:6)
  A giant frog zombie (D:6)
  A giant frog skeleton (D:4)
  3 orc wizards (D:4)
  A worker ant (D:4)
  Ijyb (D:4)
  A gnoll (D:2)
  7 adders
  2 worms
  2 shadow imps
  An adder skeleton (D:6)
  3 giant geckos
  2 oozes
  11 orcs
  2 ball pythons (D:1)
  A bat skeleton (D:4)
  2 giant cockroaches
  8 hobgoblins
  9 jackals
  A quokka (D:4)
  8 bats
  6 giant newts
  15 goblins
  12 kobolds
  A quokka zombie (D:6)
  6 rats
126 creatures vanquished.

Vanquished Creatures (others)
  A butterfly (D:4)
1 creature vanquished.

Grand Total: 127 creatures vanquished

Notes
Turn   | Place    | Note
--------------------------------------------------------------
     0 | D:1      | Johnny, the Demigod Fire Elementalist, began the quest for the Orb.
     0 | D:1      | Reached XP level 1. HP: 14/14 MP: 3/3
   363 | D:1      | Reached skill level 1 in Conjurations
   568 | D:1      | Reached XP level 2. HP: 8/22 MP: 0/4
  1219 | D:1      | Reached skill level 1 in Fighting
  1222 | D:1      | Reached skill level 3 in Fire Magic
  1635 | D:2      | Reached XP level 3. HP: 26/28 MP: 6/8
  2357 | D:3      | Reached XP level 4. HP: 28/35 MP: 11/11
  2370 | D:3      | Learned a level 4 spell: Sticky Flame
  2459 | D:3      | Noticed Kemay's ghost (average OpTm)
  2498 | D:3      | Killed Kemay's ghost
  2498 | D:3      | Reached XP level 5. HP: 12/41 MP: 3/12
  3797 | D:4      | Found a staircase to the Ecumenical Temple.
  3981 | D:4      | Reached XP level 6. HP: 29/48 MP: 4/17
  4524 | D:4      | Noticed an ogre
  4535 | D:4      | Killed an ogre
  4535 | D:4      | Reached skill level 4 in Fire Magic
  4604 | D:4      | Got an ancient iron amulet
  4616 | D:4      | Identified the amulet "Utonoirph" {Inacc Str-5} (You found it on level 4 of the Dungeon)
  4664 | D:4      | Reached XP level 7. HP: 25/56 MP: 15/19
  4763 | D:4      | Noticed Ijyb
  4966 | D:4      | Killed Ijyb
  5144 | D:4      | Learned a level 5 spell: Fireball
  5660 | D:5      | Entered Level 5 of the Dungeon
  5661 | D:5      | Noticed Sigmund
  6612 | D:6      | Reached XP level 8. HP: 55/66 MP: 7/21
  6839 | D:6      | Reached skill level 5 in Fire Magic
  7162 | D:6      | Splashed by a jelly's acid

Action                   |  1- 3 |  4- 6 |  7- 9 || total
-------------------------+-------+-------+-------++-------
Melee: Unarmed           |    13 |       |       ||    13
       Dagger            |    58 |    90 |    29 ||   177
       Club              |    18 |       |       ||    18
       Great sword       |       |       |    46 ||    46
       Battleaxe         |       |       |    11 ||    11
 Cast: Flame Tongue      |    36 |    68 |   110 ||   214
       Sticky Flame      |       |       |     4 ||     4
Evoke: Wand              |       |       |     5 ||     5
  Use: Potion            |       |     1 |     1 ||     2
       Scroll            |       |     4 |     4 ||     8
 Stab: Sleeping          |     7 |     2 |     1 ||    10
       Distracted        |       |       |     1 ||     1
  Eat: Chunk             |     5 |     7 |     5 ||    17
       Fruit             |       |     1 |       ||     1
       Royal jelly       |       |       |     1 ||     1
